 Dungeon Crawl Stone Soup version 0.31-a0-455-g1a7b003ef0 (webtiles) character file.

Game seed: 11935495965296928221

207 Xavori the Slasher (level 6, -1/46 HPs)
             Began as a Djinni Chaos Knight on Aug 3, 2023.
             Was a Plaything of Xom.
             Slain by a gnoll
             ... wielding a +0 vampiric whip
              (6 damage)
             ... on level 4 of the Dungeon.
             The game lasted 00:02:52 (13006 turns).

Xavori the Slasher (Djinni Chaos Knight)           Turns: 13006, Time: 00:02:52

Health: -1/46      AC:  6    Str: 15    XL:     6   Next: 11%
Gold:   235        EV: 12    Int: 14    God:    Xom [*.....] SH:  0 Dex: 12

rFire   + + .        a - +0 falchion (chaos)
rCold   x . .        (no shield)
rNeg    . . .        b - +3 leather armour
rPois   ∞            (helmet restricted)
rElec   .            (no cloak)
rCorr   +            (no gloves)
SInv    .            (boots unavailable)
Will    ++...        (no amulet)
Stlth   +++          n - ring of Xiott {rCorr Str+2}
HPRegen 0.27/turn    (no ring)
MPRegen 0.00/turn

%: random rage (3%), infuse magic (-2 HP)
@: mighty, flying
A: sickness immunity, fire resistance 2, cold vulnerability 1, float, innate
caster, HP casting, extra vitality 1, horns 1, camouflage 1, berserk 1,
strong-willed 2, wild magic 1, MP-powered wands, sturdy frame 1
a: Renounce Religion


You were on level 4 of the Dungeon.
You worshipped Xom.
You were a special plaything of Xom.
You visited 1 branch of the dungeon, and saw 4 of its levels.

You collected 235 gold pieces.

Inventory:

Hand Weapons
 a - a +0 falchion of chaos (weapon)
Armour
 b - a +3 leather armour (worn)
 m - a +0 helmet of intelligence
Jewellery
 c - a ring of see invisible
 n - the ring of Xiott (left hand) {rCorr Str+2}
   (Xom gifted it to you on level 1 of the Dungeon)

   [ring of resist corrosion]

   Str:       It affects your strength (+2).
   rCorr:     It protects you from acid and corrosion.
Wands
 l - a wand of paralysis (4)
 t - a wand of iceblast (3)
Scrolls
 d - a scroll of enchant weapon
 g - a scroll of enchant armour
 h - 3 scrolls of revelation
 i - a scroll of immolation {unknown}
 o - a scroll of torment
Potions
 e - 2 potions of enlightenment
 f - a potion of degeneration {unknown}
 p - a potion of might
 r - a potion of heal wounds {unknown}
 s - a potion of brilliance {unknown}


   Skills:
 + Level 3.5 Fighting
 + Level 3.7 Long Blades
 + Level 2.0 Armour
 + Level 2.9 Dodging
 + Level 1.8 Stealth
 * Level 1.1 Spellcasting
 * Level 1.1 Conjurations
 * Level 1.1 Hexes
 * Level 1.1 Summonings
 * Level 1.1 Necromancy
 * Level 1.1 Translocations
 * Level 1.1 Transmutations
 * Level 1.1 Fire Magic
 * Level 1.1 Ice Magic
 * Level 1.1 Air Magic
 * Level 1.1 Earth Magic
 * Level 1.1 Poison Magic


You knew the following spells:

 Your Spells              Type           Power      Damage    Failure   Level
a - Summon Small Mammal   Summ           20%        N/A       24%         1
b - Passwall              Tmut/Erth      4%         N/A       34%         2
Your spell library was empty.

Dungeon Overview and Level Annotations

Branches:
Dungeon (4/15)
 Temple: D:4-7

Altars:


Innate Abilities, Weirdness & Mutations

You are immune to sickness and miasma.
You are immune to poison.
Your flesh is very heat resistant. (rF++)
You are vulnerable to cold. (rC-)
You float through the air rather than walking.
You learn spells naturally, not from books.
Your magical power is your life essence.
You have superior vitality. (+4 MHP)
You have a pair of small horns on your head.
Your skin changes colour to match your surroundings (Stealth+).
You sometimes lose your temper in combat.
You are highly strong-willed. (Will++)
Your spells are a little harder to cast, but a little more powerful.
You expend health (3 HP) to strengthen your wands.
Your movements are slightly less encumbered by armour. (ER -2)


Message History

You hit the scorpion but do no damage.
Space warps around the scorpion.
You headbutt the scorpion, but do no damage.
The scorpion is heavily wounded.
The scorpion completely misses you. The scorpion barely misses you.
You hit the scorpion but do no damage.
The scorpion is heavily wounded.
The scorpion stings you but does no damage.
Unknown command.
You kill the scorpion!
Your Armour skill increases to level 2!
You have reached level 6!
There are monsters nearby!
There are monsters nearby!
The gnoll hits you with a +0 flail! The gnoll barely misses you.
You hit the gnoll but do no damage.
The gnoll seems to grow stronger.
You headbutt the gnoll, but do no damage.
The gnoll barely misses you. The gnoll closely misses you.
You hit the gnoll.
The gnoll is moderately wounded.
The gnoll hits you with a +0 flail! The gnoll closely misses you.
You hit the gnoll but do no damage. Lightning courses through the gnoll!
You kill the gnoll!
The gnoll hits you from afar with a +0 halberd!
You barely miss the gnoll.
The gnoll hits you with a +0 vampiric whip.
The gnoll barely misses you.
You hit the gnoll.
The gnoll is poisoned.
Your headbutt misses the gnoll.
The gnoll is lightly wounded.
The gnoll hits you with a +0 vampiric whip!
* * * LOW HITPOINT WARNING * * *
The gnoll misses you. The gnoll completely misses you. x2
The gnoll attacks as you move away!
The gnoll hits you with a +0 vampiric whip.
* * * LOW HITPOINT WARNING * * *
It was a potion of might.
You feel very mighty all of a sudden.
The gnoll hits you from afar with a +0 halberd.
* * * LOW HITPOINT WARNING * * *
The gnoll hits you with a +0 vampiric whip.
You die...

..#.......#......# ..#
..>...........#### #. ..#
........#####.# ##.#######...
.......†..###.# #.......#....
..............### #.......#....
................#####...........
##..###......#....##..........#
#..##..#....................#
#..#...P.......@####........#
#..PP.###.......gg##.......##
...... #..........#.......#####
....... #..#......))............
....#.. #..##......#.......#####
P..##.. #..##.##...##.###.##
#.###.........# ###
#..........#### #.#.#####..#


You could see 2 gnolls.

Vanquished Creatures
  2 scorpions (D:4)
  A gnoll (D:4)
  2 adders (D:3)
  A worm (D:3)
  4 dart slugs
  4 ball pythons
  5 endoplasms
  2 giant cockroaches
  2 goblins (D:1)
  3 hobgoblins
  A quokka (D:2)
  8 bats
  5 frilled lizards
  4 kobolds
  3 rats
47 creatures vanquished.

Notes
Turn   | Place    | Note
-------+----------+-------------------------------------------
     0 | D:1      | Xavori the Djinni Chaos Knight began the quest for the Orb.
     0 | D:1      | Reached XP level 1. HP: 20/20 MP: 0/0
   150 | D:1      | Reached XP level 2. HP: 25/25 MP: 0/0
   175 | D:1      | XOM: divination: detect items
   409 | D:1      | XOM: divination: detect creatures
   418 | D:1      | XOM: silly message
   573 | D:1      | Reached XP level 3. HP: 30/30 MP: 0/0
   573 | D:1      | Learned a level 1 spell: Summon Small Mammal
   738 | D:1      | XOM: silly message
   960 | D:1      | XOM: silly message
  2115 | D:1      | XOM: silly message
  2767 | D:1      | XOM: silly message
  2931 | D:1      | XOM: cloud trail
  5225 | D:1      | XOM: cloud trail
  5269 | D:1      | XOM: god gift: wand of paralysis (4)
  5384 | D:1      | XOM is BORED!
  6013 | D:1      | XOM: god gift: 40 gold pieces
  6069 | D:1      | XOM: god gift: +0 helmet of intelligence
  6080 | D:1      | XOM: cloud trail
  6097 | D:1      | XOM: god gift: 5 stones
  6365 | D:1      | Identified the ring of Xiott {rCorr Str+2} (Xom gifted it
                  | to you on level 1 of the Dungeon)
  6365 | D:1      | XOM: god gift: ring of Xiott {rCorr Str+2}
  6389 | D:1      | XOM: scenery: summon butterflies
  6856 | D:1      | XOM: give mutations
  6856 | D:1      | Gained mutation: You expend health (3 HP) to strengthen
                  | your wands. [Xom's grace]
  6856 | D:1      | Gained mutation: Your muscles are strong. (Str +4, Int/Dex
                  | -1) [Xom's grace]
  6856 | D:1      | Gained mutation: You are strong-willed. (Will+) [Xom's
                  | grace]
  7014 | D:1      | XOM: god gift: 29 gold pieces
  7049 | D:1      | XOM: scenery: summon butterflies
  7450 | D:1      | XOM: give mutations
  7450 | D:1      | Gained mutation: Your spells are a little harder to cast,
                  | but a little more powerful. [Xom's grace]
  7450 | D:1      | Gained mutation: You are somewhat resistant to further
                  | mutation. [Xom's grace]
  7450 | D:1      | Gained mutation: You are highly strong-willed. (Will++)
                  | [Xom's grace]
  7771 | D:1      | XOM: divination: detect items
  7847 | D:1      | XOM: give mutations
  7847 | D:1      | Gained mutation: You are extremely strong-willed. (Will+++)
                  | [Xom's grace]
  7847 | D:1      | Gained mutation: Your movements are slightly less
                  | encumbered by armour. (ER -2) [Xom's grace]
  7847 | D:1      | Gained mutation: You have a pair of small horns on your
                  | head. [Xom's grace]
  8031 | D:1      | XOM: 2-stop teleportation journey
  8413 | D:1      | XOM: scenery: summon butterflies
  8639 | D:1      | XOM: scenery: summon butterflies
  8869 | D:1      | XOM: god gift: staff of earth
  9295 | D:1      | XOM is BORED!
  9329 | D:1      | XOM: noise
  9425 | D:1      | XOM: silly message
 10265 | D:2      | XOM: summons 4 hostile shadow creatures
 11767 | D:2      | XOM: noise
 11813 | D:2      | XOM: summons 2 hostile demons
 11865 | D:3      | XOM: give mutations
 11865 | D:3      | Lost mutation: You are somewhat resistant to further
                  | mutation. [Xom's mischief]
 11865 | D:3      | Gained mutation: You have hidden genetic potential. [Xom's
                  | mischief]
 11865 | D:3      | Gained mutation: You are partially covered in iridescent
                  | scales. (AC +2) [Xom's mischief]
 11865 | D:3      | Lost mutation: You are extremely strong-willed. (Will+++)
                  | [Xom's mischief]
 11865 | D:3      | Lost mutation: You have hidden genetic potential. [Xom's
                  | mischief]
 11977 | D:3      | XOM: 5-stop teleportation journey
 12190 | D:3      | XOM: give mutations
 12190 | D:3      | Lost mutation: You are partially covered in iridescent
                  | scales. (AC +2) [Xom's mischief]
 12190 | D:3      | Gained mutation: Your skin changes colour to match your
                  | surroundings (Stealth+). [Xom's mischief]
 12190 | D:3      | Lost mutation: Your muscles are strong. (Str +4, Int/Dex
                  | -1) [Xom's mischief]
 12190 | D:3      | Gained mutation: You sometimes lose your temper in combat.
                  | [Xom's mischief]
 12195 | D:3      | Reached XP level 4. HP: 24/35 MP: 0/0
 12859 | D:4      | Noticed a scorpion
 12863 | D:4      | Killed a scorpion
 12864 | D:4      | Reached skill level 1 in Stealth
 12864 | D:4      | Reached skill level 1 in Spellcasting
 12864 | D:4      | Reached skill level 1 in Conjurations
 12864 | D:4      | Reached skill level 1 in Hexes
 12864 | D:4      | Reached skill level 1 in Summonings
 12864 | D:4      | Reached skill level 1 in Necromancy
 12864 | D:4      | Reached skill level 1 in Translocations
 12864 | D:4      | Reached skill level 1 in Transmutations
 12864 | D:4      | Reached skill level 1 in Fire Magic
 12864 | D:4      | Reached skill level 1 in Ice Magic
 12864 | D:4      | Reached skill level 1 in Air Magic
 12864 | D:4      | Reached skill level 1 in Earth Magic
 12864 | D:4      | Reached skill level 1 in Poison Magic
 12864 | D:4      | Reached XP level 5. HP: 40/40 MP: 0/0
 12864 | D:4      | Learned a level 2 spell: Passwall
 12990 | D:4      | Reached XP level 6. HP: 43/46 MP: 0/0
 13006 | D:4      | Slain by a gnoll

Illustrated notes

Levels and vault maps discovered:
D:1:      dpeg_arrival_windows_large_door, layout_loops_ring
D:2:      layout_basic
D:3:      layout_basic
D:4:      layout_rooms, kiku_gazebo_garden_becter, demons_altar

Skill      XL: |  1  2  3  4  5 |
---------------+----------------+-----
Long Blades    | 3 |  3.7
Stealth        | 1 |  1.8
Spellcasting   | 1 |  1.1
Conjurations   | 1 |  1.1
Hexes          | 1 |  1.1
Summonings     | 1 |  1.1
Necromancy     | 1 |  1.1
Translocations | 1 |  1.1
Transmutations | 1 |  1.1
Fire Magic     | 1 |  1.1
Ice Magic      | 1 |  1.1
Air Magic      | 1 |  1.1
Earth Magic    | 1 |  1.1
Poison Magic   | 1 |  1.1
Armour         | 2 |  2.0
Fighting       | |  3.5
Dodging        | |  2.9

Action                     |  1- 3 |  4- 6 || total
---------------------------+-------+-------++-------
  Melee: Falchion          |   128 |    29 ||   157
         Headbutt          |    12 |     9 ||    21
         Punch             |     1 |       ||     1
    Use: Scroll            |       |    10 ||    10
         Potion            |       |     1 ||     1
   Stab: Sleeping          |       |     2 ||     2
 Armour: Leather armour    |    50 |     9 ||    59
  Dodge: Dodged            |    92 |    21 ||   113

Table legend: (Time is in decaauts)
 A = Elapsed time spent in this place.
 B = Non-inter-level travel time spent in this place.
 C = Inter-level travel time spent in this place.
 D = Time resting spent in this place.
 E = Time spent auto-exploring this place.
 F = Levels seen in this place.
 G = Mean time per level.
                   A        B        C        D        E       F      G
               +--------+--------+--------+--------+--------+-----+--------+
         Total |  13031 |  12932 |     99 |  10566 |   1906 |   4 | 3257.8 |
       Dungeon |  13031 |  12932 |     99 |  10566 |   1906 |   4 | 3257.8 |
               +--------+--------+--------+--------+--------+-----+--------+

Top non-repeatable levels by time:
     D:1: 10216 daAuts
     D:2: 1612 daAuts
     D:3: 1042 daAuts
     D:4: 160 daAuts
